 Dungeon Crawl Stone Soup version 0.29-a0-384-g6960b1960d (webtiles) character file.

Game seed: 9210827983405914324

975 loir the Magician (level 8, 0/59 HPs)
             Began as a Djinni Fire Elementalist on May 7, 2022.
             Slain by an ice beast (12 damage)
             ... on level 6 of the Dungeon.
             The game lasted 00:33:40 (5826 turns).

loir the Magician (Djinni Fire Elementalist)        Turns: 5826, Time: 00:33:41

Health: 0/59       AC:  4    Str:  7    XL:     8   Next: 39%
Gold:   216        EV: 12    Int: 20    God:
                   SH:  0    Dex: 13

rFire   + + .      SeeInvis .   j - +3 dagger (flame)
rCold   x . .      Faith    .   (no shield)
rNeg    . . .      Spirit   .   a - +0 robe
rPois   ∞          Reflect  .   u - +2 hat
rElec   .          Harm     .   (no cloak)
rCorr   .          Rampage  .   (no gloves)
Will    .....                   (boots unavailable)
Stlth   ++........              (no amulet)
HPRegen 0.19/turn               s - ring of wizardry
MPRegen 0.00/turn               (no ring)

@: flying
A: sickness immunity, fire resistance 2, cold vulnerability 1, float, innate
caster, HP casting, extra vitality 1
a: no special abilities


You were on level 6 of the Dungeon.
You visited 1 branch of the dungeon, and saw 6 of its levels.

You collected 216 gold pieces.

Inventory:

Hand Weapons
 e - a +0 demon trident
 j - a +3 dagger of flaming (weapon)
 k - a +1 dagger of speed
Missiles
 d - 11 poisoned darts
 f - 257 stones
 n - 10 boomerangs
 v - a throwing net
Armour
 a - a +0 robe (worn)
 l - a +1 helmet
 u - a +2 hat (worn)
Jewellery
 i - an amulet of faith
 s - a ring of wizardry (left hand)
 y - a ring of protection from fire
Wands
 m - a wand of paralysis (2)
 z - a wand of acid (10)
Scrolls
 o - 2 scrolls of teleportation
 x - 3 scrolls of enchant weapon
Potions
 b - 2 potions of magic
 c - 4 potions of mutation
 g - 4 potions of curing
 h - 2 potions of flight {unknown}
 p - 2 potions of ambrosia {unknown}
 q - 2 potions of cancellation {unknown}
 r - a potion of berserk rage {unknown}
 t - a potion of degeneration {unknown}
 w - a potion of lignification {unknown}


   Skills:
 + Level 5.0 Fighting
 - Level 2.1 Dodging
 - Level 1.5 Stealth
 * Level 6.2 Spellcasting


You couldn't memorise any spells.
You knew the following spells:

 Your Spells              Type           Power      Damage    Failure   Level
a - Foxfire               Conj/Fire      100%       2x1d9     1%          1
b - Scorch                Fire           62%        2d8       1%          2
c - Conjure Flame         Conj/Fire      31%        6-21      1%          3
d - Inner Flame           Hex/Fire       31%        N/A       1%          3
e - Flame Wave            Conj/Fire      31%        2d8       3%          4
f - Sting                 Tmut/Pois      100%       1d8       1%          1
g - Corpse Rot            Necr/Air       62%        N/A       1%          2
h - Summon Guardian Gole  Hex/Summ       31%        N/A       1%          3
Your spell library was empty.

Dungeon Overview and Level Annotations

Branches:
Dungeon (6/15)
 Temple: D:4-7

Altars:

Annotations:
D:3 1 runed translucent door, Crazy Yiuf
D:5 1 runed translucent door, jujuben's ghost, novice HOCA


Innate Abilities, Weirdness & Mutations

You are immune to sickness and miasma.
You are immune to poison.
Your flesh is very heat resistant. (rF++)
You are vulnerable to cold. (rC-)
You float through the air rather than walking.
You learn spells naturally, not from books.
Your magical power is your life essence.
You have superior vitality. (+4 MHP)


Message History

z - a scroll labelled ZOYRCH WEACYA
As you read the scroll labelled ZOYRCH WEACYA, it crumbles to dust.
The air around you briefly surges with heat, but it dissipates.
It was a scroll of immolation.
You now have 216 gold pieces (gained 10).
z - a wand of acid (10) Done exploring.
You see here a jackal skeleton.
Things that are here:
a jackal skeleton; a jackal skeleton
Items here: )))) [[ ÷.
There is a stone staircase leading down here.
Saving game... please wait.
Level annotation: 1 runed translucent door, jujuben's ghost, novice HOCA Welcome back, loir the Djinni Fire Elementalist.
Press ? for a list of commands and other information.
Done exploring.
You fly downwards.
There is a stone staircase leading up here.
The ice beast hits you. The ice beast freezes you!!
You feel a terrible chill!
Cast which spell? (? or * to list) Flames lash the ice beast.
The ice beast melts!
The ice beast is heavily wounded.
The ice beast's fire resistance burns away.
The ice beast hits you. The ice beast freezes you!
You feel a terrible chill!
Casting: Scorch (safe; 1% risk of failure)
Confirm with . or Enter, or press ? or * to list all spells.
Flames lash the ice beast.
The ice beast melts!
The ice beast is severely wounded.
* * * LOW HITPOINT WARNING * * *
The ice beast misses you.
Casting: Scorch (safe; 1% risk of failure)
Confirm with . or Enter, or press ? or * to list all spells.
Flames lash the ice beast.
The ice beast melts!
The ice beast is almost dead.
* * * LOW HITPOINT WARNING * * *
The ice beast hits you.
* * * LOW HITPOINT WARNING * * *
The ice beast freezes you!
You feel a terrible chill!
You die...

####
####.....
####<.......
##...........
#..@.........
##..Y........
##..........
##.........
######....
##..


You could see an ice beast (combustible).

Vanquished Creatures
  Grinder (D:5)
  A black bear (D:5)
  Pargi (D:4)
  2 ogres (D:4)
  A hound (D:5)
  An orc priest (D:5)
  Ijyb (D:3)
  Natasha (thrice) (D:4)
  2 orc wizards
  Robin (D:2)
  5 adders
  An ufetubus (D:5)
  A dart slug (D:4)
  18 orcs
  5 ball pythons
  7 endoplasms
  2 giant cockroaches
  13 goblins
  9 hobgoblins
  11 jackals
  10 kobolds
  3 quokkas
  5 bats (D:1)
  5 frilled lizards
  4 rats
113 creatures vanquished.

Vanquished Creatures (collateral kills)
  6 foxfires (D:4)
6 creatures vanquished.

Vanquished Creatures (others)
  An orc wizard (D:5)
  369 foxfires
  A fungus (D:3)
  7 plants (D:4)
378 creatures vanquished.

Grand Total: 497 creatures vanquished

Notes
Turn   | Place    | Note
-------+----------+-------------------------------------------
     0 | D:1      | loir the Djinni Fire Elementalist began the quest for the
                  | Orb.
     0 | D:1      | Reached XP level 1. HP: 15/15 MP: 0/0
   182 | D:1      | Reached XP level 2. HP: 15/22 MP: 0/0
   572 | D:1      | Reached skill level 1 in Fighting
   997 | D:1      | Reached XP level 3. HP: 25/27 MP: 0/0
   997 | D:1      | Learned a level 1 spell: Sting
  1058 | D:2      | Reached skill level 3 in Spellcasting
  1415 | D:2      | Reached XP level 4. HP: 12/32 MP: 0/0
  1416 | D:2      | Noticed Robin
  2203 | D:2      | Killed Robin
  2585 | D:3      | Noticed Ijyb
  2594 | D:3      | Killed Ijyb
  2595 | D:3      | Reached XP level 5. HP: 21/39 MP: 0/0
  2595 | D:3      | Learned a level 2 spell: Corpse Rot
  2880 | D:3      | Reached skill level 4 in Spellcasting
  3463 | D:3      | Found a runed translucent door.
  3464 | D:3      | Noticed Crazy Yiuf
  3544 | D:4      | Noticed Natasha
  3549 | D:4      | Killed Natasha
  3550 | D:4      | Reached XP level 6. HP: 40/45 MP: 0/0
  3595 | D:4      | Noticed Natasha
  3601 | D:4      | Killed Natasha
  3656 | D:4      | Noticed Natasha
  3659 | D:4      | Killed Natasha
  3735 | D:4      | Noticed an ogre
  3739 | D:4      | Killed an ogre
  3996 | D:4      | Noticed Pargi
  4004 | D:4      | Killed Pargi
  4005 | D:4      | Reached skill level 5 in Spellcasting
  4005 | D:4      | Reached XP level 7. HP: 45/51 MP: 0/0
  4005 | D:4      | Learned a level 3 spell: Summon Guardian Golem
  4643 | D:5      | Entered Level 5 of the Dungeon
  4844 | D:5      | Found a runed translucent door.
  4845 | D:5      | Noticed jujuben's ghost (novice HOCA)
  5468 | D:5      | Noticed Grinder
  5477 | D:5      | Reached XP level 8. HP: 36/58 MP: 0/0
  5495 | D:5      | Killed Grinder
  5496 | D:5      | Reached skill level 5 in Fighting
  5496 | D:5      | Reached skill level 6 in Spellcasting
  5826 | D:6      | Slain by an ice beast

Illustrated notes

Levels and vault maps discovered:
D:1:      dpeg_arrival_pits, layout_rooms, minivault_4
D:2:      layout_loops_ring, uniq_robin
D:3:      layout_rooms, uniq_ijyb, uniq_crazy_yiuf_cottage
D:4:      layout_cave_pools, serial_forest, infiniplex_forest_end_3,
          infiniplex_forest_split, infiniplex_forest_end_1,
          infiniplex_forest_clump_medium, infiniplex_forest_3_way, uniq_natasha,
          uniq_pargi
D:5:      layout_basic, ebering_ghost_reflecting_pool, uniq_grinder
D:6:      layout_cave_pods, minmay_temple_entry_metal_lava, dk_rats_in_the_wall,
          uniq_eustachio, uniq_edmund

Skill      XL: |  1  2  3  4  5  6  7  8 |
---------------+-------------------------+-----
Fighting       | 1 2 3 4 5 |  5.0
Spellcasting   | 3 4 5 6 |  6.2
Dodging        | |  2.1
Stealth        | |  1.5

Action                   |  1- 3 |  4- 6 |  7- 9 || total
-------------------------+-------+-------+-------++-------
Melee: Dagger            |       |     5 |     6 ||    11
 Cast: Foxfire           |    52 |   113 |    50 ||   215
       Scorch            |     7 |    16 |    18 ||    41
       Sting             |       |    18 |       ||    18
       Conjure Flame     |       |     3 |     4 ||     7
       Inner Flame       |       |     1 |       ||     1
  Use: Scroll            |     3 |     7 |     3 ||    13
Armor: Robe              |       |     3 |       ||     3
Dodge: Dodged            |     2 |     7 |     5 ||    14

Table legend: (Time is in decaauts)
 A = Elapsed time spent in this place.
 B = Non-inter-level travel time spent in this place.
 C = Inter-level travel time spent in this place.
 D = Time resting spent in this place.
 E = Time spent auto-exploring this place.
 F = Levels seen in this place.
 G = Mean time per level.
                   A        B        C        D        E       F      G
               +--------+--------+--------+--------+--------+-----+--------+
         Total |   5823 |   5553 |    270 |   1098 |   3757 |   6 |  970.5 |
       Dungeon |   5823 |   5553 |    270 |   1098 |   3757 |   6 |  970.5 |
               +--------+--------+--------+--------+--------+-----+--------+

Top non-repeatable levels by time:
     D:2: 1530 daAuts
     D:5: 1177 daAuts
     D:4: 1143 daAuts
     D:1: 1054 daAuts
     D:3: 913 daAuts
     D:6: 4 daAuts
